 Dungeon Crawl Stone Soup version 0.28-a0-1143-gcf6077d4cc (webtiles) character file.

Game seed: 16127822838863351462

4 spaghetti the Caller (level 1, 0/13 HPs)
             Began as a Mummy Summoner on Dec 14, 2021.
             Slain by a ball python (1 damage)
             ... on level 1 of the Dungeon.
             The game lasted 00:00:28 (101 turns).

spaghetti the Caller (Mummy Summoner)                Turns: 101, Time: 00:00:29

Health: 0/13       AC:  2    Str: 11    XL:     1   Next: 58%
Magic:  1/4        EV:  9    Int: 14    God:
Gold:   0          SH:  0    Dex: 12    Spells: 4/5 levels left

rFire   x . .      SeeInvis .   b - +2 dagger (speed) {short}
rCold   + . .      Faith    .   (no shield)
rNeg    + + +      Spirit   .   a - +0 robe
rPois   ∞          Reflect  .   (no helmet)
rElec   .          Harm     .   (no cloak)
rCorr   .          Rampage  .   (no gloves)
Will    .....                   (no boots)
Stlth   ++........              (no amulet)
HPRegen 0.04/turn               (no ring)
MPRegen 0.09/turn               (no ring)

@: very slightly contaminated, constricted
A: cold resistance 1, negative energy resistance 3, torment resistance 2, heat
vulnerability 1, no potions
a: no special abilities


You were on level 1 of the Dungeon.
You visited 1 branch of the dungeon, and saw 1 of its levels.


Innate Abilities, Weirdness & Mutations

You are immune to poison.
Your flesh is cold resistant. (rC+)
You are immune to negative energy. (rN+++)
You are immune to unholy pain and torment.
You are vulnerable to heat. (rF-)
You do not drink.


   Skills:
 - Level 1.5 Dodging
 - Level 1.5 Stealth
 - Level 2.6 Spellcasting
 + Level 3.5 Summonings


You had 4 spell levels left.
You knew the following spells:

 Your Spells              Type           Power      Damage    Failure   Level
a - Summon Small Mammal   Summ           44%        N/A       5%          1

Your spell library contained the following spells:

 Spells                   Type           Power      Damage    Failure   Level
 Call Imp                 Summ           11%        N/A       8%          2
 Call Canine Familiar     Summ           11%        N/A       16%         3
 Summon Guardian Golem    Hex/Summ       6%         N/A       32%         3
 Summon Lightning Spire   Summ/Air       6%         N/A       71%         4

Inventory:

Hand Weapons
 b - a +2 dagger of speed (weapon) {short}
   (You took it off a goblin on level 1 of the Dungeon)
Armour
 a - a +0 robe (worn)

Dungeon Overview and Level Annotations

Branches:
Dungeon (1/15)

Altars:

#. #...#### #.
####.....≈≈
####.######........≈≈
#........##.###....≈≈
.......#.##.###....≈≈
.........††.†....<.≈.
#.......##.###......
#.####..##..........
#rb@S...######..≈..≈
#!#B#...# ##≈≈..≈
.....(r#.### #≈≈≈≈≈
#..####.#S# ###### #.
..#.. # ..... .......
...[...


You could see a quokka (ally target), a giant cockroach (ally target), a ball
python, a friendly bat (summoned) and a friendly rat (summoned).


Message History

You barely miss the kobold.
The ball python bites you but does no damage.
The ball python grabs you.
The ball python constricts you. 😕 HP[-1]
You take 1 damage, and now have 12/13 hp.
Unknown command.
Unknown command.
Casting: Summon Small Mammal (safe; 5% risk of failure)
Confirm with . or Enter, or press ? or * to list all spells.
You miscast Summon Small Mammal.
You are very lightly contaminated with residual magic.
Nothing appears to happen.
The kobold hits you with a +0 dagger. The ball python closely misses you.
The ball python constricts you. 😕 HP[-1] MP[-1]
You take 1 damage, and now have 11/13 hp.
You lost 1 mp, and now have 3/4 mp.
Unknown command.
Unknown command.
Unknown command.
Unknown command.
You hit the giant cockroach but do no damage.
The giant cockroach bites you. The ball python barely misses you.
The ball python constricts you. The kobold closely misses you. 😕 HP[-1]
You take 1 damage, and now have 10/13 hp.
Unknown command.
Unknown command.
Unknown command.
You closely miss the giant cockroach. The giant cockroach bites you.
The ball python bites you.
The ball python constricts you. 😮 HP[-3]
You take 3 damage, and now have 7/13 hp.
MASSIVE DAMAGE!! (PAUSE) Unknown command.
Unknown command.
Unknown command.
Casting: Summon Small Mammal (safe; 5% risk of failure)
Confirm with . or Enter, or press ? or * to list all spells.
The kobold closely misses you.
The giant cockroach bites you but does no damage.
The ball python closely misses you.
The ball python constricts you. 😮 MP[-1]
You lost 1 mp, and now have 2/4 mp.
Unknown command.
Unknown command.
Unknown command.
Casting: Summon Small Mammal (safe; 5% risk of failure)
Confirm with . or Enter, or press ? or * to list all spells.
Your bat closely misses the kobold.
Your bat closely misses the quokka.
The kobold hits you with a +0 dagger.
* * * LOW HITPOINT WARNING * * *
The giant cockroach barely misses you. The ball python barely misses you.
The ball python constricts you.
Your bat hits the kobold but does no damage. 😱 HP[-4] MP[-1]
You take 4 damage, and now have 3/13 hp.
MASSIVE DAMAGE!! (PAUSE)
You lost 1 mp, and now have 1/4 mp.
Unknown command.
Unknown command.
Unknown command.
You aren't carrying any scrolls.
Unknown command.
Unknown command.
Unknown command.
You aren't carrying any scrolls.
Unknown command.
Unknown command.
Unknown command.
You closely miss the kobold.
Your bat closely misses the kobold.
The kobold barely misses you. The giant cockroach closely misses you.
The ball python closely misses you. The ball python constricts you.
* * * LOW HITPOINT WARNING * * *
Your bat barely misses the quokka. 😱 HP[-1]
You take 1 damage, and now have 2/13 hp.
Unknown command.
Unknown command.
Unknown command.
Unknown command.
You closely miss the kobold.
Your bat hits the kobold but does no damage.
The giant cockroach bites you but does no damage.
Your rat closely misses the giant cockroach.
The kobold misses your bat.
Your bat barely misses the kobold.
The ball python barely misses you. The ball python constricts you.
* * * LOW HITPOINT WARNING * * *
😱 HP[-1]
You take 1 damage, and now have 1/13 hp.
Unknown command.
Unknown command.
Unknown command.
You catch the helpless kobold completely off-guard!
You puncture the kobold!
You kill the kobold!
Your bat hits the quokka but does no damage.
The giant cockroach barely misses you.
Your rat bites the giant cockroach.
The ball python bites you.
You die...

Action                   || total
-------------------------++-------
Melee: Dagger            ||    10
 Cast: Summon Small Mamm ||     4
 Stab: Distracted        ||     1
Armor: Robe              ||     4
Dodge: Dodged            ||    18

Levels and vault maps discovered:
D:1:      dpeg_arrival_pond, layout_loops_corners, minmay_tetromino_i4

Notes
Turn   | Place    | Note
-------+----------+-------------------------------------------
     0 | D:1      | spaghetti the Mummy Summoner began the quest for the Orb.
     0 | D:1      | Reached XP level 1. HP: 13/13 MP: 4/4
     0 | D:1      | magus.rc [v1.9.6]
    98 | D:1      | HP: 3/13 [kobold (4)]
   100 | D:1      | HP: 1/13 [constriction (1)]
   101 | D:1      | Slain by a ball python

Vanquished Creatures
  A kobold (D:1)
1 creature vanquished.

Vanquished Creatures (collateral kills)
  A dart slug (D:1)
  A goblin (D:1)
  A rat (D:1)
3 creatures vanquished.

Grand Total: 4 creatures vanquished

Table legend:
 A = Non-vault XP
 B = Vault XP
 C = Vault XP percentage of total XP
 D = Non-vault monster count
 E = Vault monster count
 F = Vault count percentage of total count
                 A         B        C        D         E       F
            +---------+---------+-------+---------+---------+-------
      Total |       5 |       3 |  37.5 |       2 |       2 |  50.0
            +---------+---------+-------+---------+---------+-------
        D:1 |       5 |       3 |  37.5 |       2 |       2 |  50.0
            +---------+---------+-------+---------+---------+-------

Illustrated notes

Table legend:
 A = Kills in this place as a percentage of kills in entire the game.
 B = Kills by you in this place as a percentage of kills by you in the entire game.
 C = Kills by friends in this place as a percentage of kills by friends in the entire game.
 D = Other kills in this place as a percentage of other kills in the entire game.
 E = Experience gained in this place as a percentage of experience gained in the entire game.
 F = Experience gained in this place divided by the number of levels of this place that you have seen.
                   A       B       C       D       E      F
               +-------+-------+-------+-------+-------+----------------------
         Total | 100.0 | 100.0 | 100.0 |   N/A | 100.0 |   8.0
       Dungeon | 100.0 | 100.0 | 100.0 |   N/A | 100.0 |   8.0
               +-------+-------+-------+-------+-------+----------------------

Table legend: (Time is in decaauts)
 A = Elapsed time spent in this place.
 B = Non-inter-level travel time spent in this place.
 C = Inter-level travel time spent in this place.
 D = Time resting spent in this place.
 E = Time spent auto-exploring this place.
 F = Levels seen in this place.
 G = Mean time per level.
                   A        B        C        D        E       F      G
               +--------+--------+--------+--------+--------+-----+--------+
         Total |     97 |     97 |      0 |      0 |     66 |   1 |   97.0 |
       Dungeon |     97 |     97 |      0 |      0 |     66 |   1 |   97.0 |
               +--------+--------+--------+--------+--------+-----+--------+

Top non-repeatable levels by time:
     D:1: 97 daAuts
